 Dungeon Sprint DCSS version 0.17-a0-1450-g7e755d1 (webtiles) character file.

9753 pulse the Executioner (level 11, -9/83 HPs)
             Began as a Formicid Fighter on June 30, 2015.
             Was the Champion of Qazlal.
             Killed by divine providence
             ... invoked by an orc high priest
              (11 damage)
             ... in the Dungeon (Sprint IX: "|||||||||||||||||||||||||||||").
             The game lasted 00:06:13 (1939 turns).

pulse the Executioner (Formicid Fighter)            Turns: 1939, Time: 00:06:13

Health: -9/83      AC: 18    Str: 30    XL:     11   Next: 80%
Magic:  10/15      EV:  9    Int: 10    God:    Qazlal [******]
Gold:   759        SH: 20    Dex: 13    Spells: 0 memorised, 10 levels left

rFire  . . .     SeeInvis +     p - +5 war axe (chop)
rCold  . . .     Clarity  .     q - +1 chain mail
rNeg   . . .     SustAt   .     c - +0 shield
rPois  .         Gourm    .     (helmet unavailable)
rElec  .         Spirit   .     A - +0 cloak
rCorr  .         Warding  .     a - +0 pair of gloves
rMut   .         Stasis   +     y - +0 pair of boots
MR     +....                    (no amulet)
Stlth  ..........               s - +3 ring of intelligence
                                r - +3 ring of dexterity

@: mighty, protected from physical damage, very slightly contaminated, repel
missiles, somewhat resistant to hostile enchantments, extremely unstealthy
A: permanent stasis, dig shafts and tunnels, four strong arms, antennae 3
a: Dig, Upheaval, Elemental Force, Disaster Area, Renounce Religion


You were in the Dungeon.
You worshipped Qazlal.
Qazlal was exalted by your worship.
You were not hungry.

You visited 1 branch You collected 759 gold pieces.

Inventory:

Hand weapons
 p - a +5 war axe of chopping (weapon)
Armour
 a - a +0 pair of gloves (worn)
 c - a +0 shield (worn)
 q - a +1 chain mail (worn)
 y - a +0 pair of boots (worn)
 A - a +0 cloak (worn)
Jewellery
 r - a +3 ring of dexterity (left hand)
 s - a +3 ring of intelligence (right hand)
Magical devices
 o - a wand of draining (1)
Scrolls
 d - a scroll of magic mapping
 k - 4 scrolls of blinking
 m - 2 scrolls of remove curse
 n - 2 scrolls of amnesia
 t - a scroll of fog
 u - 2 scrolls of recharging
Potions
 h - 2 potions of haste
 i - 4 potions of magic
 j - a potion of berserk rage
 v - a potion of resistance
Comestibles
 e - 12 bread rations
 x - 40 fruits
 z - 12 meat rations


   Skills:
 + Level 6.9 Fighting
 * Level 22.9 Axes
 + Level 6.7 Armour
 - Level 0.8 Dodging
 + Level 8.2 Shields
 * Level 5.6 Invocations
 + Level 2.5 Evocations


You had 10 spell levels left.
You didn't know any spells.

Dungeon Overview and Level Annotations

Branches:
Dungeon (1/1)

Altars:
Cheibriados
Dithmenos
Elyvilon
Fedhas
Gozag
Kikubaaqudgha
Makhleb
Nemelex Xobeh
Okawaru
Qazlal
Ru
Sif Muna
Trog
Vehumet
Xom
Yredelemnul
Zin
The Shining One
Beogh
Jiyva
Lugonu

Shops:
D (}:?


Innate Abilities, Weirdness & Mutations

You are under a permanent stasis effect.
You can dig through walls and to a lower floor.
Your four strong arms can wield two-handed weapons with a shield.
You have a pair of large antennae on your head (SInv).


Message History

You hear a shout!
You now have 759 gold pieces (gained 100).
Things that are here:
a trident; a leather armour; an orc corpse Unknown command.
An orc comes into view. It is wielding a flail.
The orc shouts!
Found Woerygg's Magic Scroll Shoppe.
You see here 50 gold pieces.
An orc high priest comes into view. It is wielding a scimitar.
The orc high priest shouts!
The orc high priest invokes the aid of Beogh against you.
Something smites you!
* * * LOW HITPOINT WARNING * * *
There is an entrance to Setussoro's Antique Weapon Emporium here.
An orc sorcerer comes into view. It is wielding a dagger.
You hear a shout!
The orc high priest mumbles some strange prayers to Beogh against you.
Something smites you!
You die...

________'..|).[..[)).....†......'
▓▓▓▓▓▓▓▓▓▓▓▓▓▓▓▓▓▓▓▓▓▓▓▓▓▓▓▓▓▓▓▓▓
.................................
▓▓▓▓▓▓▓▓▓▓▓▓▓▓▓▓▓▓▓▓▓▓▓▓▓▓▓▓▓▓▓▓▓
%†........'††..........'....[[..'
▓▓▓▓▓▓▓▓▓▓▓▓▓▓▓▓▓▓▓▓▓▓▓▓▓▓▓▓▓▓▓▓▓
.................................
▓▓▓▓▓▓▓▓▓▓▓▓▓▓▓▓▓▓▓▓▓▓▓▓▓▓▓▓▓▓▓▓▓
)))......))$))$∩@∩o∩.∩oo{{{
▓▓▓▓▓▓▓▓▓▓▓▓▓▓▓▓▓▓▓▓▓▓▓▓ { { {


{{{{{{{{{{{{{{{ { You could see an orc high priest, an orc sorcerer and an orc.

Vanquished Creatures
  4 orc high priests (D)
  2 orc sorcerers (D)
  An orc knight (D)
  A torpor snail (D)
  A black mamba (D)
  3 spiny frogs (D)
  A fire drake (D)
  A troll (D)
  4 polar bears (D)
  A blink frog (D)
  A deep elf mage (D)
  2 yaks (D)
  A basilisk (D)
  A vampire mosquito (D)
  A hippogriff (D)
  A wolf (D)
  A soldier ant (D)
  A porcupine (D)
  9 orc warriors (D)
  4 black bears (D)
  2 crocodiles (D)
  2 giant frogs (D)
  2 big kobolds (D)
  A killer bee (D)
  A crimson imp (D)
  6 orc priests (D)
  4 orc wizards (D)
  2 river rats (D)
  An adder skeleton (D)
  A worm (D)
  10 orcs (D)
  A bat (D)
  A bat zombie (D)
  2 goblins (D)
  A hobgoblin (D)
  A kobold (D)
  A jackal (D)
  A rat (D)
81 creatures vanquished.

Vanquished Creatures (others)
  A spatial maelstrom (D)
1 creature vanquished.

Grand Total: 82 creatures vanquished

Notes
Turn   | Place    | Note
--------------------------------------------------------------
     0 | D        | pulse the Formicid Fighter began the quest for the Orb.
     0 | D        | Reached XP level 1. HP: 18/18 MP: 1/1
     0 | D        | Banished a spatial maelstrom
     9 | D        | Reached skill level 4 in Shields
    17 | D        | Reached XP level 2. HP: 18/25 MP: 2/2
   240 | D        | Found a glowing silver altar of Zin.
   240 | D        | Found a glowing golden altar of the Shining One.
   240 | D        | Found an ancient bone altar of Kikubaaqudgha.
   240 | D        | Found a basalt altar of Yredelemnul.
   240 | D        | Found a shimmering altar of Xom.
   240 | D        | Found a radiant altar of Vehumet.
   241 | D        | Found an iron altar of Okawaru.
   242 | D        | Found a burning altar of Makhleb.
   243 | D        | Found a deep blue altar of Sif Muna.
   244 | D        | Found a bloodstained altar of Trog.
   245 | D        | Found a sparkling altar of Nemelex Xobeh.
   246 | D        | Found a white marble altar of Elyvilon.
   247 | D        | Found a roughly hewn altar of Beogh.
   248 | D        | Found a viscous altar of Jiyva.
   249 | D        | Found a corrupted altar of Lugonu.
   250 | D        | Found a blossoming altar of Fedhas.
   251 | D        | Found a snail-covered altar of Cheibriados.
   252 | D        | Found a shadowy altar of Dithmenos.
   253 | D        | Found a stormy altar of Qazlal.
   254 | D        | Found an opulent altar of Gozag.
   255 | D        | Found a sacrificial altar of Ru.
   261 | D        | Became a worshipper of Qazlal Stormbringer
   422 | D        | Noticed a killer bee
   422 | D        | Noticed a crocodile
   422 | D        | Noticed a big kobold
   422 | D        | Noticed a deep elf mage
   425 | D        | Killed a killer bee
   425 | D        | Reached skill level 5 in Fighting
   425 | D        | Reached skill level 5 in Armour
   425 | D        | Reached skill level 5 in Shields
   425 | D        | Reached XP level 3. HP: 31/33 MP: 3/3
   425 | D        | Reached XP level 4. HP: 36/39 MP: 4/4
   431 | D        | Killed a crocodile
   431 | D        | Acquired Qazlal's first power
   431 | D        | Reached skill level 7 in Axes
   431 | D        | Reached XP level 5. HP: 40/44 MP: 5/5
   433 | D        | Killed a big kobold
   433 | D        | Reached skill level 9 in Axes
   433 | D        | Reached XP level 6. HP: 44/51 MP: 6/6
   438 | D        | Killed a deep elf mage
   438 | D        | Acquired Qazlal's second power
   438 | D        | Reached skill level 11 in Axes
   445 | D        | Noticed a crimson imp
   445 | D        | Noticed a big kobold
   445 | D        | Noticed a soldier ant
   445 | D        | Noticed a vampire mosquito
   445 | D        | Noticed a troll
   449 | D        | Killed a crimson imp
   449 | D        | Reached skill level 12 in Axes
   449 | D        | Reached XP level 7. HP: 51/56 MP: 7/7
   452 | D        | Killed a big kobold
   456 | D        | Killed a soldier ant
   456 | D        | Acquired Qazlal's third power
   456 | D        | Reached skill level 13 in Axes
   460 | D        | Killed a vampire mosquito
   460 | D        | Reached skill level 14 in Axes
   466 | D        | Killed a troll
   466 | D        | Reached skill level 15 in Axes
   466 | D        | Reached XP level 8. HP: 23/62 MP: 8/8
   763 | D        | Noticed a giant frog
   763 | D        | Noticed a porcupine
   763 | D        | Noticed a yak
   763 | D        | Noticed a yak
   763 | D        | Noticed a wolf
   763 | D        | Noticed a spiny frog
   765 | D        | Killed a giant frog
   767 | D        | Killed a porcupine
   767 | D        | Acquired Qazlal's fourth power
   768 | D        | Noticed a basilisk
   770 | D        | Noticed a fire drake
   774 | D        | Killed a yak
   774 | D        | Reached skill level 16 in Axes
   778 | D        | Killed a yak
   781 | D        | Killed a wolf
   781 | D        | Reached XP level 9. HP: 64/68 MP: 9/9
   791 | D        | Killed a spiny frog
   791 | D        | Reached skill level 17 in Axes
   797 | D        | Killed a basilisk
   797 | D        | Acquired Qazlal's fifth power
   804 | D        | Killed a fire drake
   804 | D        | Reached skill level 18 in Axes
  1017 | D        | Noticed a giant frog
  1017 | D        | Noticed a black mamba
  1017 | D        | Noticed a blink frog
  1017 | D        | Noticed a spiny frog
  1017 | D        | Noticed a torpor snail
  1019 | D        | Noticed a crocodile
  1019 | D        | Killed a giant frog
  1023 | D        | Noticed a spiny frog
  1024 | D        | Killed a black mamba
  1024 | D        | Reached skill level 1 in Evocations
  1025 | D        | Killed a blink frog
  1025 | D        | Reached skill level 19 in Axes
  1028 | D        | Killed a spiny frog
  1028 | D        | Reached XP level 10. HP: 52/74 MP: 10/10
  1029 | D        | Noticed a hippogriff
  1044 | D        | Killed a torpor snail
  1050 | D        | Killed a crocodile
  1054 | D        | Killed a spiny frog
  1054 | D        | Reached skill level 20 in Axes
  1059 | D        | Killed a hippogriff
  1195 | D        | Noticed a black bear
  1195 | D        | Noticed a black bear
  1195 | D        | Noticed a black bear
  1195 | D        | Noticed a polar bear
  1195 | D        | Noticed a polar bear
  1195 | D        | Noticed a polar bear
  1198 | D        | Killed a black bear
  1200 | D        | Killed a black bear
  1201 | D        | Noticed a polar bear
  1203 | D        | Noticed a black bear
  1207 | D        | Killed a polar bear
  1212 | D        | Killed a polar bear
  1213 | D        | Killed a black bear
  1223 | D        | Killed a polar bear
  1223 | D        | Reached skill level 21 in Axes
  1229 | D        | Killed a black bear
  1240 | D        | Killed a polar bear
  1368 | D        | Noticed an orc priest
  1368 | D        | Noticed an orc wizard
  1368 | D        | Noticed an orc priest
  1368 | D        | Noticed an orc priest
  1369 | D        | Noticed an orc wizard
  1370 | D        | Killed an orc wizard
  1370 | D        | Killed an orc priest
  1371 | D        | Killed an orc priest
  1373 | D        | Noticed an orc priest
  1375 | D        | Killed an orc priest
  1377 | D        | Noticed an orc priest
  1378 | D        | Killed an orc wizard
  1382 | D        | Noticed an orc wizard
  1385 | D        | Killed an orc priest
  1395 | D        | Killed an orc priest
  1399 | D        | Killed an orc wizard
  1674 | D        | Noticed an orc warrior
  1674 | D        | Noticed an orc wizard
  1674 | D        | Noticed an orc warrior
  1674 | D        | Noticed an orc warrior
  1674 | D        | Noticed an orc warrior
  1674 | D        | Noticed an orc priest
  1678 | D        | Noticed an orc warrior
  1678 | D        | Killed an orc warrior
  1681 | D        | Killed an orc wizard
  1683 | D        | Killed an orc warrior
  1683 | D        | Reached XP level 11. HP: 80/80 MP: 12/12
  1685 | D        | Noticed an orc warrior
  1687 | D        | Killed an orc warrior
  1687 | D        | Reached skill level 1 in Invocations
  1689 | D        | Noticed an orc warrior
  1690 | D        | Noticed an orc warrior
  1692 | D        | Noticed an orc knight
  1692 | D        | Killed an orc warrior
  1693 | D        | Noticed an orc warrior
  1695 | D        | Killed an orc warrior
  1698 | D        | Killed an orc warrior
  1701 | D        | Killed an orc warrior
  1710 | D        | Killed an orc knight
  1713 | D        | Killed an orc warrior
  1719 | D        | Killed an orc warrior
  1722 | D        | Killed an orc priest
  1881 | D        | Found Setussoro's Antique Weapon Emporium.
  1881 | D        | Noticed an orc high priest
  1881 | D        | Noticed an orc sorcerer
  1881 | D        | Noticed an orc sorcerer
  1883 | D        | Noticed an orc high priest
  1886 | D        | Noticed an orc high priest
  1888 | D        | Killed an orc high priest
  1888 | D        | Reached skill level 22 in Axes
  1890 | D        | Killed an orc sorcerer
  1892 | D        | Noticed a soul eater
  1898 | D        | Killed an orc sorcerer
  1900 | D        | Noticed a soul eater
  1900 | D        | Noticed a soul eater
  1901 | D        | Noticed an orc high priest
  1903 | D        | Killed an orc high priest
  1904 | D        | Found Wilesk's Gadget Shoppe.
  1929 | D        | Killed an orc high priest
  1929 | D        | Reached skill level 5 in Invocations
  1930 | D        | Found Loelup's Book Emporium.
  1934 | D        | Killed an orc high priest
  1937 | D        | Found Woerygg's Magic Scroll Shoppe.
  1938 | D        | Noticed an orc high priest
  1938 | D        | HP: 2/83 [orc high priest/divine providence (9)]
  1939 | D        | Noticed an orc sorcerer
  1939 | D        | Killed from afar by an orc high priest

Vault maps used:
D:        linesprint

Action                   |  1- 3 |  4- 6 |  7- 9 | 10-12 || total
-------------------------+-------+-------+-------+-------++-------
Melee: War axe           |    40 |    16 |    65 |   161 ||   282
Invok: Disaster Area     |       |       |       |     1 ||     1
Evoke: Wand              |       |       |     1 |     5 ||     6
  Use: Potion            |     1 |       |     2 |    13 ||    16
       Scroll            |       |       |     2 |     1 ||     3
  Eat: Bread ration      |       |       |       |     1 ||     1
       Beef jerky        |       |       |       |     1 ||     1
       Chunk             |       |       |       |     1 ||     1
